 Dungeon Crawl Stone Soup version 0.31-a0-175-g9f7f995f2b (webtiles) character file.

Game seed: 7251528204648482383

524 BrainTurd the Carver (level 7, -1/52 HPs)
             Began as a Merfolk Monk on June 18, 2023.
             Was a Believer of Fedhas.
             Slain by Pikel
             ... wielding a +1 whip of freezing
              (10 damage)
             ... on level 5 of the Dungeon.
             The game lasted 00:20:19 (5135 turns).

BrainTurd the Carver (Merfolk Monk)                 Turns: 5135, Time: 00:20:19

Health: -1/52      AC:  4    Str: 14    XL:     7   Next: 22%
Magic:  7/7        EV: 14    Int:  9    God:    Fedhas [**....]
Gold:   276        SH:  0    Dex: 22    Spells: 6/6 levels left

rFire   + . .        j - +2 long sword (elec)
rCold   . . .        d - orb {light}
rNeg    + . .        p - +2 robe of Paotsidd {-Cast Dex+6}
rPois   .            (no helmet)
rElec   .            (no cloak)
rCorr   .            (no gloves)
SInv    .            (no boots)
Will    .....        n - amulet of magic regeneration
Stlth   +            a - ring of protection from fire
HPRegen 0.28/turn    m - ring of positive energy
MPRegen 0.50/turn

%: no spellcasting
@: glowing
A: (nimble swimmer 2), mertail
a: Renounce Religion, Wall of Briars


You were on level 5 of the Dungeon.
You worshipped Fedhas.
Fedhas was pleased with you.
You visited 1 branch of the dungeon, and saw 5 of its levels.

You collected 276 gold pieces.

Inventory:

Hand Weapons
 j - a +2 long sword of electrocution (weapon)
Armour
 d - an orb of light (worn)
 p - the +2 robe of Paotsidd (worn) {-Cast Dex+6}
   (You found it on level 4 of the Dungeon)

   Dex:       It affects your dexterity (+6).
   -Cast:     It prevents spellcasting.
Jewellery
 a - a ring of protection from fire (left hand)
 m - a ring of positive energy (right hand)
 n - an amulet of magic regeneration (around neck)
Scrolls
 h - a scroll of enchant armour
 i - a scroll of revelation
 k - 3 scrolls of identify
Potions
 b - a potion of invisibility
 c - a potion of ambrosia
 e - 2 potions of heal wounds {unknown}
 f - a potion of resistance
 g - a potion of enlightenment {unknown}
 l - 2 potions of berserk rage {unknown}
 o - 2 potions of curing {unknown}
 r - 2 potions of mutation {unknown}


   Skills:
 - Level 3.2 Fighting
 + Level 9.6 Long Blades
 - Level 4.0 Dodging


You had 6 spell levels left.
You didn't know any spells.
Your spell library contained the following spells:

 Spells                   Type           Power      Damage    Failure   Level
 Call Canine Familiar     Summ           0%         N/A       77%         3
 Hailstorm                Conj/Ice       0%         3d3       77%         3
 Ozocubu's Armour         Ice            0%         N/A       77%         3
 Portal Projectile        Hex/Tloc       0%         N/A       77%         3
 Ice Form                 Ice/Tmut       0%         N/A       99%         4
 Leda's Liquefaction      Hex/Erth       0%         N/A       99%         4
 Simulacrum               Ice/Necr       0%         N/A       100%        6
 Ozocubu's Refrigeration  Ice            0%         4d7       100%        7


Dungeon Overview and Level Annotations

Branches:
Dungeon (5/15)
 Temple: D:4-7

Altars:
Dithmenos
Fedhas
Gozag
Kikubaaqudgha
Nemelex Xobeh
Vehumet
Wu Jian
Yredelemnul

Annotations:
D:4 Grinder
D:5 Pikel


Innate Abilities, Weirdness & Mutations

((You are very nimble when in or above water. (Stealth+, EV+, Speed+++)))
Your lower body shifts to a powerful aquatic tail in water.


Message History

Pikel says, "Asmodeus and me are pals.
He gave me this whip."
The lemure hits you!
You hit the lemure.
The lemure is moderately wounded.
The lemure misses you.
Pikel cracks his whip.
There is an escape hatch in the ceiling here.
You hit the lemure.
The lemure is moderately wounded.
Pikel misses you. The lemure barely misses you.
The lemure attacks as you move away! The lemure hits you.
Pikel attacks as you move away! Pikel hits you but does no damage.
The lemure attacks as you move away! The lemure closely misses you.
Pikel attacks as you move away! Pikel barely misses you.
Pikel attacks as you move away! Pikel misses you.
Pikel attacks as you move away!
Pikel hits you with a +1 whip of freezing.
Pikel freezes you.
You hit Pikel.
Pikel is lightly wounded.
Pikel hits you with a +1 whip of freezing!
Pikel freezes you.
You hit Pikel.
Pikel is lightly wounded.
Pikel hits you with a +1 whip of freezing.
Pikel freezes you.
You hit Pikel but do no damage.
Pikel is lightly wounded.
Pikel hits you with a +1 whip of freezing!
* * * LOW HITPOINT WARNING * * *
Pikel freezes you.
* * * LOW HITPOINT WARNING * * *
Okay, then.
Okay, then.
You slash Pikel!
Pikel is severely wounded.
Pikel says, "Antaeus said I was his favorite kobold.
Me!"
Pikel hits you with a +1 whip of freezing!
You die...
Fedhas appreciates your contribution to the ecosystem.

#..........#.#.###_.....#....._#.
...........#.#...#....#...#....#.
.................#..#.......#..#.
.......<.........'.............#.
.................'.............#.
.................#..#.......#..#.
.###############5#....#...#....#.
.# #K#_.....#....._## .#
#@###.........###. .# #.#
###.....###.#. .# #.#
#.###_###.#... .#
#.###.#.###.#.###. ##
########.............#...
#.........##.............
#.#######.##..#.......... #######
#.# #................. ..)...#
#.######..###.####.......


You could see Pikel and a lemure.

Vanquished Creatures
  An ogre (D:5)
  3 lemures
  4 jellies
  2 orc priests
  A hound (D:4)
  An iguana (D:5)
  3 orc wizards
  4 adders
  2 worms
  2 dart slugs
  18 orcs
  7 endoplasms
  2 giant cockroaches (D:1)
  2 goblins
  5 hobgoblins
  2 jackals (D:1)
  A quokka (D:1)
  3 ball pythons
  4 bats
  6 frilled lizards
  7 kobolds
  6 rats
86 creatures vanquished.

Vanquished Creatures (others)
  A sleepcap (D:4)
1 creature vanquished.

Grand Total: 87 creatures vanquished

Notes
Turn   | Place    | Note
-------+----------+-------------------------------------------
     0 | D:1      | BrainTurd the Merfolk Monk began the quest for the Orb.
     0 | D:1      | Reached XP level 1. HP: 18/18 MP: 1/1
   284 | D:1      | Reached skill level 4 in Long Blades
   321 | D:1      | Reached XP level 2. HP: 3/24 MP: 2/2
   965 | D:1      | Reached skill level 5 in Long Blades
   965 | D:1      | Reached XP level 3. HP: 17/29 MP: 3/3
  1087 | D:1      | HP: 1/29 [poisoned by an orc wizard]
  1276 | D:2      | Reached XP level 4. HP: 35/35 MP: 4/4
  1426 | D:2      | Reached skill level 6 in Long Blades
  1975 | D:3      | Reached XP level 5. HP: 31/41 MP: 5/5
  2028 | D:3      | Found a faded altar of an unknown god.
  2139 | D:3      | Noticed an ice beast
  2251 | D:4      | Reached skill level 7 in Long Blades
  2335 | D:4      | Found a blossoming altar of Fedhas.
  2341 | D:4      | Became a worshipper of Fedhas Madash
  2341 | D:4      | Reached * piety under Fedhas
  2341 | D:4      | Reached ** piety under Fedhas
  2460 | D:4      | Noticed Grinder
  3506 | D:4      | Paralysed by Grinder for 4 turns
  3532 | D:5      | Entered Level 5 of the Dungeon
  3666 | D:5      | Found a sparkling altar of Nemelex Xobeh.
  3666 | D:5      | Found a radiant altar of Vehumet.
  3666 | D:5      | Found a basalt altar of Yredelemnul.
  3666 | D:5      | Found an ancient bone altar of Kikubaaqudgha.
  3739 | D:4      | Reached XP level 6. HP: 47/47 MP: 6/6
  3753 | D:4      | Identified the +2 robe of Paotsidd {-Cast Dex+6}
  3793 | D:4      | Reached skill level 8 in Long Blades
  4144 | D:5      | Reached skill level 9 in Long Blades
  4243 | D:5      | Reached XP level 7. HP: 52/52 MP: 7/7
  4438 | D:5      | Found an opulent altar of Gozag.
  4450 | D:5      | Identified the +3 leather armour of Fresh Fun {rElec
                  | Slay+5}
  4529 | D:5      | Noticed Pikel
  5063 | D:5      | Found an ornate altar of the Wu Jian Council.
  5063 | D:5      | Found a shadowy altar of Dithmenos.
  5135 | D:5      | Slain by Pikel

Illustrated notes

Levels and vault maps discovered:
D:1:      dpeg_arrival_another_circle, layout_basic
D:2:      layout_rooms
D:3:      layout_basic, shapermc_ecumenical_altar_pompeii
D:4:      nicolae_BIG_FREAKIN_CUBE, layout_basic, fedhas_altar_4,
          nicolae_titane, uniq_grinder
D:5:      layout_basic, grunt_gozag_breadcrumbs, minmay_overflow_temple_hex,
          nicolae_kite_square_tiling_tiny, uniq_pikel

Skill      XL: |  1  2  3  4  5  6 |
---------------+-------------------+-----
Long Blades    | 4 5 6 7 9 |  9.6
Fighting       | |  3.2
Dodging        | |  4.0

Action                     |  1- 3 |  4- 6 |  7- 9 || total
---------------------------+-------+-------+-------++-------
  Melee: Falchion          |    39 |       |       ||    39
         Long sword        |    19 |   110 |    33 ||   162
    Use: Scroll            |       |     8 |       ||     8
         Potion            |       |     1 |       ||     1
   Stab: Sleeping          |       |     2 |       ||     2
 Armour: Robe              |     6 |     5 |     4 ||    15
         Leather armour    |       |     4 |       ||     4
  Dodge: Dodged            |    45 |    46 |    25 ||   116

Table legend: (Time is in decaauts)
 A = Elapsed time spent in this place.
 B = Non-inter-level travel time spent in this place.
 C = Inter-level travel time spent in this place.
 D = Time resting spent in this place.
 E = Time spent auto-exploring this place.
 F = Levels seen in this place.
 G = Mean time per level.
                   A        B        C        D        E       F      G
               +--------+--------+--------+--------+--------+-----+--------+
         Total |   5147 |   4802 |    345 |    628 |   3046 |   5 | 1029.4 |
       Dungeon |   5147 |   4802 |    345 |    628 |   3046 |   5 | 1029.4 |
               +--------+--------+--------+--------+--------+-----+--------+

Top non-repeatable levels by time:
     D:4: 1291 daAuts
     D:1: 1213 daAuts
     D:5: 985 daAuts
     D:3: 896 daAuts
     D:2: 760 daAuts
